 Dungeon Crawl Stone Soup version 0.19.4-9-g45fd643 (webtiles) character file.

69 doot the Caller (level 4, -1/24 HPs)
             Began as a Tengu Summoner on Feb 19, 2017.
             Slain by an orc
             ... wielding a +0 hand axe
              (2 damage)
             ... on level 3 of the Dungeon.
             The game lasted 00:07:25 (2508 turns).

doot the Caller (Tengu Summoner)                    Turns: 2508, Time: 00:07:25

Health: -1/24      AC:  3    Str:  8    XL:     4   Next: 20%
Magic:  8/8        EV: 13    Int: 16    God:
Gold:   129        SH:  0    Dex: 15    Spells: 3 memorised, 1 level left

rFire  . . .     SeeInvis .     k - -1 mace (curse)
rCold  . . .     Gourm    .     a - +0 robe
rNeg   . . .     Faith    .     (no shield)
rPois  .         Spirit   .     (helmet restricted)
rElec  .         Reflect  .     l - +0 cloak
rCorr  .         Harm     .     (no gloves)
MR     .....                    (boots unavailable)
Stlth  ++........               (no amulet)
                                (no ring)
                                (no ring)

@: no status effects
A: beak, talons 3
a: no special abilities


You were on level 3 of the Dungeon.
You were not hungry.

You visited 1 branch of the dungeon, and saw 3 of its levels.

You collected 129 gold pieces.

Inventory:

Hand Weapons
 e - a +0 club
 f - a +0 dagger
 k - a cursed -1 mace (weapon)
Armour
 a - a +0 robe (worn)
 l - a +0 cloak (worn)
Scrolls
 n - a scroll of fog
Potions
 d - a potion of lignification {unknown}
 i - a potion of magic {unknown}
 j - a potion of agility {unknown}
 o - a potion of ambrosia {unknown}
 p - a potion of might
 r - a potion of flight {unknown}
Books
 b - a book of Callings

   Spells                             Type                      Level
   a - Summon Small Mammal            Summoning                    1
   b - Call Imp                       Summoning                    2
   c - Call Canine Familiar           Summoning                    3
   d - Summon Guardian Golem          Hexes/Summoning              3
   e - Summon Lightning Spire         Summoning/Air                4
   f - Summon Ice Beast               Ice/Summoning                4
Comestibles
 c - a bread ration


   Skills:
 + Level 0.2 Fighting
 + Level 0.9 Short Blades
 + Level 1.4 Maces & Flails
 + Level 2.4 Dodging
 + Level 2.8 Stealth
 + Level 2.2 Spellcasting
 + Level 5.5 Summonings


You had one spell level left.
You knew the following spells:

 Your Spells              Type           Power        Failure   Level  Hunger
a - Summon Small Mammal   Summ           ###.         1%          1    #......
b - Call Imp              Summ           ###.....     3%          2    ###....
c - Call Canine Familiar  Summ           ###.....     8%          3    ###....


Dungeon Overview and Level Annotations

Branches:
Dungeon (3/15)

Altars:
Ru
Trog


Innate Abilities, Weirdness & Mutations

You have a beak for a mouth.
You have claws for feet.


Message History

The orc hits you but does no damage.
You hit the orc.
You kill the orc!
You hit the orc. Your kick misses the orc. You peck the orc.
You kill the orc!
The orc closely misses you.
You hit the orc but do no damage. The orc closely misses you.
You hit the orc but do no damage. The orc hits you with a hand axe!
You hit the orc but do no damage. Your kick misses the orc.
The orc barely misses you.
You barely miss the orc. You claw the orc, but do no damage.
The orc hits you with a hand axe.
You hit the orc but do no damage. The orc hits you with a hand axe.
* * * LOW HITPOINT WARNING * * *
The orc hits you with a hand axe.
* * * LOW HITPOINT WARNING * * *
You hit the orc.
The orc is severely wounded.
The orc hits you with a hand axe.
You die...

# #..####....###### #. #..#
#.##......# +..
#..####.##.####.### #...
#..................
#...###..#####.####.####.
#....o.........##.....##.
##..........##..#.......#.
........##o#.##..#.......#.
........##@#.##......_.....
........##.#.# #.#.......#.
........##.#.# #.#.......#.
####....<....###.##...).##.
#...........#.####.####.
#.......................
#.......)...............
#...........############
#...........#


You could see an orc.

Vanquished Creatures
  A worm (D:2)
  2 dart slugs
  2 leopard geckos (D:1)
  2 orcs (D:3)
  2 bats
  2 giant cockroaches
  4 goblins
  A hobgoblin (D:3)
  2 jackals (D:2)
  5 kobolds
  A ball python (D:2)
  3 frilled lizards
  6 rats
33 creatures vanquished.

Vanquished Creatures (collateral kills)
  3 adders (D:2)
  A worm (D:2)
  A goblin (D:2)
  3 hobgoblins
  2 jackals (D:2)
  2 frilled lizards (D:2)
12 creatures vanquished.

Vanquished Creatures (others)
  A goblin (D:1)
  A kobold (D:1)
2 creatures vanquished.

Grand Total: 47 creatures vanquished

Notes
Turn   | Place    | Note
-------+----------+-------------------------------------------
     0 | D:1      | doot the Tengu Summoner began the quest for the Orb.
     0 | D:1      | Reached XP level 1. HP: 10/10 MP: 4/4
   364 | D:1      | Reached skill level 5 in Summonings
   407 | D:1      | Reached XP level 2. HP: 15/15 MP: 6/6
   674 | D:1      | Learned a level 2 spell: Call Imp
  1264 | D:2      | Reached XP level 3. HP: 15/19 MP: 4/7
  1433 | D:2      | Reached skill level 1 in Maces & Flails
  1448 | D:2      | Learned a level 3 spell: Call Canine Familiar
  1929 | D:2      | Reached XP level 4. HP: 19/24 MP: 4/8
  1948 | D:2      | Found a sacrificial altar of Ru.
  2331 | D:3      | Found a bloodstained altar of Trog.
  2507 | D:3      | HP: 1/24 [orc/hand axe (3)]
  2508 | D:3      | Slain by an orc

Skill      XL: |  1  2  3 |
---------------+----------+-----
Summonings     | 5 |  5.5
Maces & Flails | 1 |  1.4
Fighting       | |  0.2
Short Blades   | |  0.9
Dodging        | |  2.4
Stealth        | |  2.8
Spellcasting   | |  2.2

Action                   |  1- 3 |  4- 6 || total
-------------------------+-------+-------++-------
Melee: Dagger            |    36 |       ||    36
       Peck              |    14 |     3 ||    17
       Unarmed           |     4 |       ||     4
       Kick              |    19 |     6 ||    25
       Club              |     1 |       ||     1
       Mace              |    47 |    35 ||    82
 Cast: Summon Small Mamm |     4 |       ||     4
       Call Imp          |     9 |       ||     9
       Call Canine Famil |     1 |     1 ||     2
  Use: Scroll            |     4 |       ||     4
 Stab: Sleeping          |     6 |       ||     6
  Eat: Chunk             |     2 |       ||     2
       Meat ration       |     1 |       ||     1
Armor: Robe              |    15 |     5 ||    20
Dodge: Dodged            |    78 |    21 ||    99
